 Dungeon Crawl Stone Soup version 0.26-a0-43-g20b394c (webtiles) character file.

Game seed: 11120895518412087444

146 robertstho the Skirmisher (level 5, -1/50 HPs)
             Began as a Naga Fighter on June 3, 2020.
             Slain by a gnoll
             ... wielding a +0 club
              (2 damage)
             ... on level 3 of the Dungeon.
             The game lasted 00:02:07 (2356 turns).

robertstho the Skirmisher (Naga Fighter)            Turns: 2356, Time: 00:02:08

Health: -1/50      AC:  6    Str: 19    XL:     5   Next: 28%
Magic:  5/5        EV:  5    Int:  9    God:
Gold:   87         SH:  8    Dex: 10    Spells: 4/4 levels left

rFire    . . .     SeeInvis +   p - +1 hand axe (distort)
rCold    . . .     Gourm    .   c - +0 kite shield
rNeg     . . .     Faith    .   b - +0 scale mail
rPois    +         Spirit   .   (no helmet)
rElec    .         Reflect  .   g - +0 cloak
rCorr    .         Harm     .   (no gloves)
MR       .....                  (no barding)
Stlth    +.........             (no amulet)
HPRegen  0.16/turn              (no ring)
MPRegen  0.09/turn              (no ring)

@: mighty, very slow
A: large, see invisible, deformed body, poison resistance, slowness 2, slow
metabolism 1, spit poison 1, AC +1
a: Spit Poison


You were on level 3 of the Dungeon.
You were not hungry.

You visited 1 branch of the dungeon, and saw 3 of its levels.
You also visited: Sewer.

You collected 87 gold pieces.

Inventory:

Hand Weapons
 a - a +0 war axe
 p - a +1 hand axe of distortion (weapon)
Armour
 b - a +0 scale mail (worn)
 c - a +0 kite shield (worn)
 g - a +0 cloak (worn)
Jewellery
 h - an uncursed ring of see invisible {unknown}
Scrolls
 e - 2 scrolls of immolation {unknown}
 i - a scroll of fear {unknown}
 k - a scroll of magic mapping {unknown}
 m - 2 scrolls of remove curse {unknown}
 q - a scroll of identify {unknown}
 r - a scroll of noise {unknown}
Potions
 d - 2 potions of might
 j - 2 potions of curing {unknown}
 n - a potion of invisibility {unknown}
 o - 2 potions of heal wounds {unknown}
 s - 2 potions of flight {unknown}
Comestibles
 f - 8 rations


   Skills:
 * Level 3.8 Fighting
 * Level 3.2 Axes
 * Level 3.0 Armour
 + Level 0.4 Dodging
 * Level 2.5 Stealth
 + Level 2.7 Shields


You had 4 spell levels left.
You didn't know any spells.
Your spell library was empty.

Dungeon Overview and Level Annotations

Branches:
Dungeon (3/15)              Sewer (visited)

Altars:
The Shining One

Annotations:
D:3 Grinder, Terence


Innate Abilities, Weirdness & Mutations

You cannot wear boots.
Your serpentine skin is tough. (AC +1)
You have supernaturally acute eyesight. (SInv)
Armour fits poorly on your strangely shaped body.
Your system is resistant to poisons. (rPois)
You cover ground very slowly.
You have a slow metabolism.
You can spit poison.


Message History

The gnoll hits you from afar with a +0 spear.
Terence hits you from afar with a +0 trident!
* * * LOW HITPOINT WARNING * * *
You struggle against the net.
The gnoll hits you from afar with a +0 spear.
* * * LOW HITPOINT WARNING * * *
Terence hits you but does no damage.
You struggle against the net.
The gnoll barely misses you.
The gnoll hits you from afar with a +0 spear.
* * * LOW HITPOINT WARNING * * *
Terence says, "Time to say good-bye..."
Terence hits you but does no damage.
You tear a large gash into the net.
The gnoll hits you with a +0 club.
* * * LOW HITPOINT WARNING * * *
An ooze comes into view.
The gnoll hits you but does no damage. Terence hits you but does no damage.
You rip the net and break free!
The ooze quivers.
You block the gnoll's attack. The gnoll hits you with a +0 club.
You die...

#.#.... #.#.###
#####.#.#
#.....#.#
####.....#.#
#........#..
#####.....##.#..
#.........##.#..
#@##########.#####
#g# #.. . #.@gg..#
## ### #..g5..#
#.. ##....## #.#
...... .. ..J.....
### #......#≈ #..
##....###. #.#


You could see Grinder, Terence, 4 gnolls and an ooze.

Vanquished Creatures
  4 adders (D:3)
  A worm (D:2)
  3 dart slugs (D:1)
  3 leopard geckos
  5 ball pythons
  3 giant cockroaches
  3 goblins
  7 hobgoblins
  2 jackals (Sewer)
  2 quokkas
  6 bats
  A frilled lizard (D:2)
  8 kobolds
  8 rats
56 creatures vanquished.

Vanquished Creatures (others)
  A big kobold (Sewer)
1 creature vanquished.

Grand Total: 57 creatures vanquished

Notes
Turn   | Place    | Note
-------+----------+-------------------------------------------
     0 | D:1      | robertstho the Naga Fighter began the quest for the Orb.
     0 | D:1      | Reached XP level 1. HP: 21/21 MP: 1/1
   253 | D:1      | Reached XP level 2. HP: 28/28 MP: 2/2
   300 | D:1      | Found a glowing golden altar of the Shining One.
   626 | D:1      | Reached XP level 3. HP: 33/34 MP: 3/3
  1128 | D:2      | Reached skill level 1 in Stealth
  1666 | D:3      | Reached XP level 4. HP: 23/44 MP: 4/4
  1973 | D:3      | Found a faded altar of an unknown god.
  1990 | D:3      | Found a glowing drain.
  2010 | Sewer    | Entered a sewer
  2070 | Sewer    | Noticed a big kobold
  2079 | Sewer    | Banished a big kobold
  2079 | Sewer    | Reached XP level 5. HP: 48/50 MP: 5/5
  2110 | Sewer    | Found a glowing silver altar of Zin.
  2341 | D:3      | Noticed Terence
  2345 | D:3      | Noticed Grinder
  2355 | D:3      | HP: 1/50 [gnoll/+0 club (6)]
  2356 | D:3      | Slain by a gnoll

Illustrated notes

Levels and vault maps discovered:
D:1:      psy_arrival_terrarium, layout_loops_ring, tso_altar
D:2:      layout_basic
D:3:      wad_lake_hut, layout_basic, first_ration,
          chequers_ecumenical_altar_island, cheibrodos_sewer_entry_drain,
          grunt_ministairs_7, uniq_grinder, uniq_natasha, uniq_terence

Skill      XL: |  1  2  3  4  5 |
---------------+----------------+-----
Stealth        | 1 2 |  2.5
Axes           | 3 |  3.2
Armour         | 3 |  3.0
Fighting       | |  3.8
Dodging        | |  0.4
Shields        | |  2.7

Action                   |  1- 3 |  4- 6 || total
-------------------------+-------+-------++-------
Melee: War axe           |    69 |       ||    69
       Hand axe          |     9 |    51 ||    60
  Use: Potion            |       |     1 ||     1
  Eat: Chunk             |     2 |     2 ||     4
Armor: Scale mail        |    38 |    35 ||    73
Dodge: Dodged            |    19 |    17 ||    36
Block: Kite shield       |    34 |    26 ||    60

Table legend:
 A = Non-vault XP
 B = Vault XP
 C = Vault XP percentage of total XP
 D = Non-vault monster count
 E = Vault monster count
 F = Vault count percentage of total count
                 A         B        C        D         E       F
            +---------+---------+-------+---------+---------+-------
      Total |     107 |     102 |  48.8 |      42 |      15 |  26.3
            +---------+---------+-------+---------+---------+-------
        D:1 |      34 |       0 |   0.0 |      15 |       0 |   0.0
        D:2 |      27 |       0 |   0.0 |      14 |       0 |   0.0
        D:3 |      46 |      29 |  38.7 |      13 |       4 |  23.5
      Sewer |       0 |      73 | 100.0 |       0 |      11 | 100.0
            +---------+---------+-------+---------+---------+-------
